 Dungeon Crawl Stone Soup version 0.31-a0-216-g22e908daa7 (webtiles) character file.

Game seed: 16603437733394177973

11589 qw the Cleaver (level 11, -17/68 HPs)
             Began as a Gargoyle Fighter on July 1, 2023.
             Was an Elder of Okawaru.
             Demolished by Gastronok (21 damage)
             ... on level 1 of the Lair of Beasts.
             The game lasted 00:04:16 (8939 turns).

qw the Cleaver (Gargoyle Fighter)                   Turns: 8939, Time: 00:04:17

Health: -17/68     AC: 27    Str: 25    XL:     11   Next: 80%
Magic:  14/16      EV: 14    Int:  8    God:    Okawaru [****..]
Gold:   374        SH: 12    Dex:  9    Spells: 10/10 levels left

rFire   . . .        h - +3 war axe (freeze)
rCold   . . .        r - +0 kite shield
rNeg    + . .        e - +0 plate armour
rPois   inf          (no helmet)
rElec   +            (no cloak)
rCorr   .            (no gloves)
SInv    .            (no boots)
Will    .....        (no amulet) Stlth
                     f - +5 ring of evasion
HPRegen 0.31/turn    t - +4 ring of protection
MPRegen 0.15/turn

%: no passive effects
@: heroic, slowed, very slow
A: sickness immunity, AC +8, negative energy resistance 1, electricity
resistance, torment resistance 1, petrification resistance
a: Renounce Religion, Heroism, Finesse


You were on level 1 of the Lair of Beasts.
You worshipped Okawaru.
Okawaru was greatly pleased with you.
You visited 3 branches of the dungeon, and saw 11 of its levels.

You collected 701 gold pieces.
You spent 327 gold pieces at shops.


Innate Abilities, Weirdness & Mutations

You are immune to sickness and miasma.
Your stone body is resilient. (AC +8)
You are immune to poison.
You resist negative energy. (rN+)
You are resistant to electric shocks. (rElec)
You are resistant to unholy torment.
You are immune to petrification.


   Skills:
 - Level 8.0(13.0) Fighting
 - Level 11.0(16.0) Axes
 - Level 3.0(8.0) Throwing
 - Level 6.0(11.0) Armour
 - Level 2.4(7.4) Dodging
 + Level 9.5(14.5) Shields
 + Level 7.7 Invocations


You had 10 spell levels left.
You didn't know any spells.
Your spell library was empty.

Inventory:

Hand Weapons
 h - a +3 war axe of freezing (weapon)
 w - a +3 morningstar of protection
Missiles
 c - 3 silver boomerangs (quivered)
 n - 7 boomerangs
Armour
 e - a +0 plate armour (worn)
 g - a +0 cloak
 k - a +0 pair of boots
 l - a +0 pair of gloves
 m - a +2 cloak
 r - a +0 kite shield (worn)
 v - +0 acid dragon scales
Jewellery
 a - the amulet of Ivowetz {Spirit rC+ Str+3}
   (You acquired it on level 4 of the Dungeon)

   [amulet of guardian spirit]

   It causes incoming damage to be divided between your reserves of health and
   magic.
   Str:       It affects your strength (+3).
   rC:        It protects you from cold.
 b - a ring of resist corrosion
 f - a +5 ring of evasion (left hand)
 o - an amulet of faith
 t - a +4 ring of protection (right hand)
Scrolls
 p - 8 scrolls of identify
Potions
 d - 2 potions of might
 i - 2 potions of magic
 j - a potion of attraction
 q - a potion of lignification
 s - a potion of mutation

Dungeon Overview and Level Annotations

Branches:
Dungeon (9/15)             Temple (1/1) D:4            Lair (1/5) D:9
    Orc: D:9-12

Altars:
Ashenzari
Cheibriados
Dithmenos
Elyvilon
Fedhas
Hepliaklqana
Kikubaaqudgha
Makhleb
Nemelex Xobeh
Okawaru
Qazlal
Ru
Sif Muna
Trog
Uskayaw
Wu Jian
Xom
Zin
The Shining One

Shops:
D:8 (

Annotations:
D:4 2 transporters, qw's ghost, amateur GrFi
D:6 1 runed translucent door, qw's ghost, amateur DEHu
D:8 2 transporters
D:9 2 transporters, qw's ghost, novice GrFi
Lair:1 Gastronok


Message History

You kill the cane toad!
Okawaru is honoured by your kill.
Things that are here:
a cane toad corpse; an elephant corpse Gastronok looks at you while chanting.
You barely resist.
Enter note:
Enter note:
Enter note:
Enter note: You slash Gastronok!
You freeze Gastronok.
Gastronok is lightly wounded.
You barely miss Gastronok.
Gastronok is lightly wounded.
Gastronok looks at you and mumbles some strange words.
You feel yourself slow down.
You barely miss Gastronok.
Gastronok is lightly wounded.
You hit Gastronok. You freeze Gastronok.
Gastronok is lightly wounded.
Gastronok bites you but does no damage.
You slash Gastronok! You freeze Gastronok.
Gastronok is moderately wounded.
You hit Gastronok but do no damage.
Gastronok is moderately wounded.
Gastronok waves his eye-stalks in wide circles.
The air twists around and strikes you!!
8936 ||| DRINKING potion of heal wounds.
You feel much better.
You feel like a meek peon again. Gastronok bites you.
8937 ||| INVOKING Heroism.
You gain the combat prowess of a mighty hero.
You hit Gastronok but do no damage.
Gastronok is lightly wounded.
Gastronok bites you!!
You slice Gastronok!! You freeze Gastronok.
Gastronok is moderately wounded.
Gastronok bites you!!
You die...

......
#.... ##
#.... #P
##.... #
#....# #
##....#
##
#....w##
#.
########
#@.# ##
#......##
#%## ###P
#.......#
#%(# ....
#......##
#.## ....
#......#
#.# .P##
#......#
##.# ....
#......#
#..# P##.
#......#
##.# #.
##......#
#.#####..
#.


You could see Gastronok.

Vanquished Creatures
  Joseph (Lair:1)
  7 elephants
  A black mamba (Lair:1)
  2 cane toads (Lair:1)
  A komodo dragon (Lair:1)
  Maggie (D:9)
  A troll (D:9)
  A hornet (D:7)
  4 blink frogs (Lair:1)
  2 wyverns (D:8)
  11 yaks (D:9)
  3 steam dragons
  2 basilisks (D:9)
  4 water moccasins
  2 orc warriors
  2 ice beasts
  2 phantoms
  3 bullfrogs
  2 gnoll sergeants (D:8)
  A scorpion (D:6)
  8 wights
  12 killer bees (D:8)
  10 howler monkeys
  7 orc priests
  A jelly (D:3)
  4 hounds
  4 gnoll boudas
  3 iguanas
  3 sleepcaps
  Natasha (thrice) (D:3)
  2 orc wizards
  21 gnolls
  3 adders
  3 shadow imps (D:6)
  4 dart slugs
  28 orcs
  7 ball pythons
  4 endoplasms
  2 giant cockroaches
  4 goblins
  6 hobgoblins
  5 jackals
  A quokka (D:3)
  2 bats (D:2)
  2 frilled lizards
  3 kobolds
  2 rats
207 creatures vanquished.

Notes
Turn   | Place    | Note
-------+----------+-------------------------------------------
     0 | D:1      | qw the Gargoyle Fighter began the quest for the Orb.
     0 | D:1      | Reached XP level 1. HP: 14/14 MP: 1/1
     0 | D:1      | 0 ||| qw: Version: 0.3-a-35-g05ef00e
     0 | D:1      | 0 ||| qw: Game counter: 7738
     0 | D:1      | 0 ||| qw: Melee chars always use a shield: true
     0 | D:1      | 0 ||| qw: God list: Okawaru
     0 | D:1      | 0 ||| qw: Allow faded altars: false
     0 | D:1      | 0 ||| qw: Do Orc after clearing Dungeon:15 true
     0 | D:1      | 0 ||| qw: Do second Lair branch before Depths: true
     0 | D:1      | 0 ||| qw: Lair rune preference: random
     0 | D:1      | 0 ||| qw: Goals: Normal, Zot:1-4, Slime:5, God:TSO, Crypt,
                  | Tomb, Abyss, Pan, Hells, Win
     0 | D:1      | 0 ||| PLANNING D:1-11
    52 | D:1      | Reached skill level 2 in Axes
   112 | D:1      | Reached XP level 2. HP: 13/19 MP: 2/2
   403 | D:1      | 403 ||| FLEEEEING.
   404 | D:1      | 404 ||| FLEEEEING.
   405 | D:1      | 405 ||| FLEEEEING.
   406 | D:1      | 406 ||| Stepping ~*~*~tactically~*~*~ (hiding).
   410 | D:1      | 410 ||| Stepping ~*~*~tactically~*~*~ (hiding).
  1147 | D:1      | 1147 ||| UPGRADING to +0 plate armour.
  1157 | D:1      | 1157 ||| DROPPING +0 scale mail.
  1158 | D:1      | 1158 ||| UPGRADING to +6 ring of dexterity.
  1159 | D:1      | 1159 ||| READING scroll labelled MUHUQA XUONTI.
  1164 | D:1      | 1164 ||| READING scroll labelled PENOKL ZIVI.
  1185 | D:2      | Reached skill level 3 in Axes
  1212 | D:2      | 1212 ||| DROPPING +0 whip.
  1247 | D:2      | Reached XP level 3. HP: 23/23 MP: 3/3
  1356 | D:2      | 1356 ||| Stepping ~*~*~tactically~*~*~ (stealth).
  1599 | D:2      | 1599 ||| UPGRADING to ring of resist corrosion.
  1600 | D:2      | 1600 ||| READING scroll labelled TYEMUFFIHADI.
  1601 | D:2      | 1601 ||| READING scroll labelled VEESUYL FYSKIRGH.
  1683 | D:3      | 1683 ||| Stepping ~*~*~tactically~*~*~ (stealth).
  1728 | D:3      | Noticed Natasha
  1733 | D:3      | Killed Natasha
  1734 | D:3      | Reached skill level 4 in Axes
  1734 | D:3      | Reached XP level 4. HP: 26/28 MP: 4/4
  1890 | D:3      | 1890 ||| Stepping ~*~*~tactically~*~*~ (stealth).
  1937 | D:3      | 1937 ||| FLEEEEING.
  1938 | D:3      | 1938 ||| FLEEEEING.
  1939 | D:3      | 1939 ||| FLEEEEING.
  1988 | D:3      | Noticed a phantom
  2005 | D:3      | Killed a phantom
  2006 | D:3      | Reached XP level 5. HP: 27/32 MP: 5/5
  2037 | D:3      | Noticed Natasha
  2045 | D:3      | Killed Natasha
  2198 | D:3      | Reached XP level 6. HP: 26/37 MP: 6/6
  2347 | D:3      | Noticed Natasha
  2360 | D:3      | Killed Natasha
  2393 | D:3      | 2393 ||| FLEEEEING.
  2583 | D:3      | 2583 ||| READING scroll labelled SONIWEDUKHLE.
  2584 | D:3      | 2584 ||| READING scroll labelled AVEOREA UXZISYRGH.
  2585 | D:3      | 2585 ||| DRINKING 2 blue potions.
  2586 | D:3      | 2586 ||| DRINKING 2 clear potions.
  2640 | D:4      | 2640 ||| STAIRDANCE
  2643 | D:3      | Reached skill level 5 in Axes
  2821 | D:4      | 2821 ||| DROPPING +1 mace of protection.
  2895 | D:4      | 2895 ||| Stepping ~*~*~tactically~*~*~ (hiding).
  2897 | D:4      | 2897 ||| Stepping ~*~*~tactically~*~*~ (hiding).
  2993 | D:4      | Found the +3 greatsling "Punk" {acid, rCorr}
  3005 | D:4      | Found a transporter.
  3055 | D:4      | Found a staircase to the Ecumenical Temple.
  3056 | D:4      | 3056 ||| PLANNING TEMPLE
  3056 | D:4      | 3056 ||| READING scroll labelled AVAURA ASOPS.
  3057 | D:4      | 3057 ||| READING scroll labelled USEH FANARAR.
  3057 | D:4      | Identified a scroll of acquirement
  3057 | D:4      | 3057 ||| ACQUIRING amulet of Ivowetz {Spirit rC+ Str+3}
  3057 | D:4      | Acquired the amulet of Ivowetz {Spirit rC+ Str+3}
  3063 | Temple   | Entered the Ecumenical Temple
  3081 | Temple   | 3081 ||| PLANNING OKAWARU WORSHIP
  3110 | Temple   | Became a worshipper of Warmaster Okawaru
  3111 | Temple   | 3111 ||| PLANNING D:1-11
  3203 | D:4      | 3203 ||| Stepping ~*~*~tactically~*~*~ (hiding).
  3205 | D:4      | 3205 ||| Stepping ~*~*~tactically~*~*~ (hiding).
  3424 | D:4      | Found a transporter.
  3427 | D:4      | Noticed qw's ghost (amateur GrFi)
  3659 | D:4      | 3659 ||| READING scroll labelled ELIGOXT ECROOGRU.
  3763 | D:5      | Entered Level 5 of the Dungeon
  3822 | D:5      | 3822 ||| SWAPPING to +1 war axe of freezing.
  3823 | D:5      | 3823 ||| DROPPING +1 war axe.
  3836 | D:5      | Found a shimmering blue altar of Sif Muna.
  3839 | D:5      | Found a shadowy altar of Dithmenos.
  3871 | D:5      | 3871 ||| DRINKING potion of curing.
  3871 | D:5      | 3871 ||| (to cure confusion)
  3876 | D:5      | Reached skill level 1 in Throwing
  3893 | D:5      | HP: 7/38 [orc wizard/puff of flame (3)]
  3894 | D:5      | 3894 ||| READING scroll of teleportation.
  3895 | D:5      | 3895 ||| DRINKING potion of heal wounds.
  3976 | D:5      | Reached XP level 7. HP: 43/43 MP: 7/7
  4050 | D:5      | 4050 ||| Stepping ~*~*~tactically~*~*~ (stealth).
  4052 | D:5      | 4052 ||| Stepping ~*~*~tactically~*~*~ (stealth).
  4061 | D:5      | 4061 ||| Stepping ~*~*~tactically~*~*~ (hiding).
  4062 | D:5      | 4062 ||| Stepping ~*~*~tactically~*~*~ (hiding).
  4229 | D:5      | Found a white marble altar of Elyvilon.
  4229 | D:5      | Found a glowing golden altar of the Shining One.
  4229 | D:5      | Found a glowing silver altar of Zin.
  4271 | D:5      | 4271 ||| READING scroll of enchant weapon.
  4271 | D:5      | 4271 ||| ENCHANTING +1 war axe of freezing.
  4523 | D:5      | Found a shimmering altar of Xom.
  4601 | D:5      | 4601 ||| READING 2 scrolls labelled DIES BUBAANGU.
  4602 | D:5      | 4602 ||| DROPPING scroll of fear.
  4701 | D:6      | 4701 ||| FLEEEEING.
  4702 | D:6      | 4702 ||| FLEEEEING.
  4705 | D:6      | 4705 ||| FLEEEEING.
  4706 | D:6      | 4706 ||| FLEEEEING.
  4708 | D:6      | 4708 ||| FLEEEEING.
  4709 | D:6      | 4709 ||| FLEEEEING.
  4710 | D:6      | 4710 ||| FLEEEEING.
  4711 | D:6      | 4711 ||| FLEEEEING.
  4712 | D:6      | 4712 ||| FLEEEEING.
  4713 | D:6      | 4713 ||| FLEEEEING.
  4716 | D:6      | 4716 ||| FLEEEEING.
  4717 | D:6      | 4717 ||| FLEEEEING.
  4718 | D:6      | 4718 ||| FLEEEEING.
  4719 | D:6      | 4719 ||| FLEEEEING.
  4720 | D:6      | 4720 ||| FLEEEEING.
  4721 | D:6      | 4721 ||| FLEEEEING.
  4723 | D:6      | 4723 ||| FLEEEEING.
  4724 | D:6      | 4724 ||| FLEEEEING.
  4725 | D:6      | 4725 ||| FLEEEEING.
  4726 | D:6      | 4726 ||| FLEEEEING.
  4727 | D:6      | 4727 ||| FLEEEEING.
  4728 | D:6      | 4728 ||| STAIRDANCE
  4732 | D:6      | 4732 ||| STAIRDANCE
  4736 | D:6      | 4736 ||| STAIRDANCE
  4745 | D:6      | 4745 ||| STAIRDANCE
  4749 | D:6      | 4749 ||| STAIRDANCE
  4753 | D:6      | 4753 ||| STAIRDANCE
  4764 | D:6      | 4764 ||| STAIRDANCE
  4807 | D:6      | 4807 ||| STAIRDANCE
  4811 | D:6      | 4811 ||| STAIRDANCE
  4815 | D:6      | 4815 ||| STAIRDANCE
  4819 | D:6      | 4819 ||| STAIRDANCE
  4823 | D:6      | 4823 ||| STAIRDANCE
  4827 | D:6      | 4827 ||| STAIRDANCE
  4831 | D:6      | 4831 ||| STAIRDANCE
  4835 | D:6      | 4835 ||| STAIRDANCE
  4839 | D:6      | 4839 ||| STAIRDANCE
  4843 | D:6      | 4843 ||| STAIRDANCE
  4847 | D:6      | 4847 ||| STAIRDANCE
  4851 | D:6      | 4851 ||| STAIRDANCE
  4855 | D:6      | 4855 ||| STAIRDANCE
  4894 | D:6      | 4894 ||| Stepping ~*~*~tactically~*~*~ (hiding).
  4900 | D:6      | Reached skill level 6 in Axes
  4979 | D:6      | Reached * piety under Okawaru
  4986 | D:6      | 4986 ||| Stepping ~*~*~tactically~*~*~ (stealth).
  4987 | D:6      | 4987 ||| Stepping ~*~*~tactically~*~*~ (hiding).
  4994 | D:6      | 4994 ||| INVOKING Heroism.
  4995 | D:6      | 4995 ||| INVOKING Heroism.
  4996 | D:6      | 4996 ||| INVOKING Heroism.
  5109 | D:6      | 5109 ||| READING 2 scrolls of identify.
  5109 | D:6      | 5109 ||| IDENTIFYING bubbling dark potion
  5110 | D:6      | 5110 ||| DROPPING potion of ambrosia.
  5120 | D:5      | Found an ornate altar of the Wu Jian Council.
  5161 | D:6      | 5161 ||| Stepping ~*~*~tactically~*~*~ (stealth).
  5165 | D:6      | 5165 ||| INVOKING Heroism.
  5171 | D:6      | Reached XP level 8. HP: 48/48 MP: 5/8
  5171 | D:6      | 5171 ||| Stepping ~*~*~tactically~*~*~ (hiding).
  5178 | D:6      | 5178 ||| INVOKING Heroism.
  5221 | D:6      | 5221 ||| Stepping ~*~*~tactically~*~*~ (stealth).
  5318 | D:6      | Found a runed translucent door.
  5323 | D:6      | Noticed qw's ghost (amateur DEHu)
  5343 | D:6      | Reached skill level 1 in Invocations
  5473 | D:6      | 5473 ||| Stepping ~*~*~tactically~*~*~ (stealth).
  5475 | D:6      | 5475 ||| Stepping ~*~*~tactically~*~*~ (stealth).
  5477 | D:6      | 5477 ||| Stepping ~*~*~tactically~*~*~ (stealth).
  5480 | D:6      | 5480 ||| INVOKING Heroism.
  5489 | D:6      | Reached skill level 7 in Axes
  5607 | D:6      | 5607 ||| READING scroll labelled BOHEEMUNOCW.
  5608 | D:6      | 5608 ||| READING 2 scrolls of identify.
  5608 | D:6      | 5608 ||| IDENTIFYING ruby potion
  5638 | D:7      | 5638 ||| INVOKING Heroism.
  5639 | D:7      | 5639 ||| Stepping ~*~*~tactically~*~*~ (cloud).
  5642 | D:7      | Noticed a hornet
  5654 | D:7      | Killed a hornet
  5655 | D:7      | Reached skill level 3 in Invocations
  5718 | D:7      | 5718 ||| READING scroll of enchant weapon.
  5718 | D:7      | 5718 ||| ENCHANTING +2 war axe of freezing.
  5742 | D:7      | 5742 ||| Stepping ~*~*~tactically~*~*~ (hiding).
  5750 | D:7      | 5750 ||| INVOKING Heroism.
  5863 | D:7      | Reached ** piety under Okawaru
  5864 | D:7      | Reached skill level 8 in Axes
  5864 | D:7      | Reached XP level 9. HP: 54/54 MP: 12/12
  5911 | D:7      | 5911 ||| Stepping ~*~*~tactically~*~*~ (stealth).
  5927 | D:7      | Reached skill level 6 in Fighting
  5940 | D:7      | Found a snail-covered altar of Cheibriados.
  5949 | D:7      | 5949 ||| INVOKING Heroism.
  5954 | D:7      | 5954 ||| Stepping ~*~*~tactically~*~*~ (cloud).
  6281 | D:7      | 6281 ||| UPGRADING to +5 ring of evasion.
  6283 | D:7      | 6283 ||| UPGRADING to +6 ring of dexterity.
  6285 | D:7      | 6285 ||| READING 2 scrolls of identify.
  6285 | D:7      | 6285 ||| IDENTIFYING brown potion
  6382 | D:8      | 6382 ||| INVOKING Heroism.
  6427 | D:8      | Reached skill level 9 in Axes
  6434 | D:8      | Reached skill level 3 in Throwing
  6469 | D:8      | 6469 ||| Stepping ~*~*~tactically~*~*~ (hiding).
  6470 | D:8      | 6470 ||| Stepping ~*~*~tactically~*~*~ (hiding).
  6471 | D:8      | 6471 ||| Stepping ~*~*~tactically~*~*~ (hiding).
  6472 | D:8      | 6472 ||| Stepping ~*~*~tactically~*~*~ (hiding).
  6473 | D:8      | 6473 ||| Stepping ~*~*~tactically~*~*~ (hiding).
  6478 | D:8      | 6478 ||| INVOKING Heroism.
  6575 | D:8      | Found a transporter.
  6596 | D:8      | 6596 ||| INVOKING Heroism.
  6702 | D:8      | 6702 ||| INVOKING Heroism.
  6901 | D:8      | Reached XP level 10. HP: 56/63 MP: 13/13
  6923 | D:8      | Identified the +4 flail of Spite {pain, Int+4}
  6925 | D:8      | 6925 ||| DROPPING +4 flail of Spite {pain, Int+4}.
  7144 | D:8      | Noticed a two-headed ogre
  7177 | D:8      | Found Wewodal's Weapon Shoppe.
  7181 | D:8      | 7181 ||| BUYING +3 morningstar of protection (327 gold).
  7181 | D:8      | Bought a +3 morningstar of protection for 327 gold pieces
  7181 | D:8      | 7181 ||| DROPPING +0 morningstar.
  7297 | D:8      | Found a transporter.
  7305 | D:8      | 7305 ||| UPGRADING to +0 kite shield.
  7315 | D:8      | 7315 ||| DROPPING +0 buckler.
  7316 | D:8      | 7316 ||| DROPPING orb of energy.
  7317 | D:8      | 7317 ||| UPGRADING to +4 ring of protection.
  7319 | D:8      | 7319 ||| DROPPING +6 ring of dexterity.
  7320 | D:8      | 7320 ||| READING 4 scrolls of identify.
  7320 | D:8      | 7320 ||| IDENTIFYING fizzy brown potion
  7321 | D:8      | 7321 ||| READING 3 scrolls of identify.
  7321 | D:8      | 7321 ||| IDENTIFYING glowing clear potion
  7371 | D:9      | 7371 ||| Stepping ~*~*~tactically~*~*~ (hiding).
  7395 | D:9      | Reached *** piety under Okawaru
  7426 | D:9      | Found a staircase to the Lair.
  7428 | D:9      | Noticed an elephant
  7437 | D:9      | Killed an elephant
  7438 | D:9      | Reached skill level 6 in Shields
  7442 | D:9      | 7442 ||| INVOKING Heroism.
  7450 | D:9      | HP: 11/63 [wight/+5 battleaxe (12)]
  7451 | D:9      | 7451 ||| DRINKING 2 potions of heal wounds.
  7562 | D:9      | Found a transporter.
  7579 | D:9      | 7579 ||| INVOKING Heroism.
  7657 | D:9      | Noticed a kobold demonologist
  7673 | D:9      | 7673 ||| INVOKING Heroism.
  7718 | D:9      | Noticed a red ugly thing
  7718 | D:9      | Noticed a centaur warrior
  7724 | D:9      | Noticed a kobold demonologist
  7726 | D:9      | 7726 ||| Stepping ~*~*~tactically~*~*~ (hiding).
  7730 | D:9      | 7730 ||| INVOKING Heroism.
  7761 | D:9      | Reached skill level 9 in Shields
  7771 | D:9      | Reached skill level 10 in Axes
  7772 | D:9      | Reached **** piety under Okawaru
  7814 | D:9      | Found a transporter.
  7829 | D:9      | 7829 ||| INVOKING Heroism.
  7901 | D:9      | 7901 ||| INVOKING Heroism.
  7905 | D:9      | Reached XP level 11. HP: 68/68 MP: 11/14
  7907 | D:9      | 7907 ||| Stepping ~*~*~tactically~*~*~ (stealth).
  7908 | D:9      | 7908 ||| Stepping ~*~*~tactically~*~*~ (stealth).
  7946 | D:9      | 7946 ||| Stepping ~*~*~tactically~*~*~ (hiding).
  7947 | D:9      | 7947 ||| Stepping ~*~*~tactically~*~*~ (hiding).
  7948 | D:9      | 7948 ||| Stepping ~*~*~tactically~*~*~ (hiding).
  7949 | D:9      | 7949 ||| Stepping ~*~*~tactically~*~*~ (hiding).
  7950 | D:9      | 7950 ||| Stepping ~*~*~tactically~*~*~ (hiding).
  7951 | D:9      | 7951 ||| Stepping ~*~*~tactically~*~*~ (hiding).
  8143 | D:9      | Noticed qw's ghost (novice GrFi)
  8292 | D:9      | 8292 ||| DROPPING +2 war axe of freezing.
  8320 | D:9      | Noticed Maggie
  8321 | D:9      | 8321 ||| Stepping ~*~*~tactically~*~*~ (hiding).
  8329 | D:9      | Killed Maggie
  8401 | D:9      | 8401 ||| PLANNING LAIR
  8401 | D:9      | 8401 ||| DRINKING 2 amethyst potions.
  8402 | D:9      | 8402 ||| DROPPING potion of brilliance.
  8429 | Lair:1   | Entered Level 1 of the Lair of Beasts
  8461 | Lair:1   | 8461 ||| INVOKING Heroism.
  8477 | Lair:1   | Reached skill level 6 in Armour
  8568 | Lair:1   | 8568 ||| INVOKING Heroism.
  8638 | Lair:1   | Noticed Joseph
  8639 | Lair:1   | 8639 ||| Stepping ~*~*~tactically~*~*~ (hiding).
  8650 | Lair:1   | Killed Joseph
  8728 | Lair:1   | Found a glowing golden altar of the Shining One.
  8783 | Lair:1   | 8783 ||| INVOKING Heroism.
  8817 | Lair:1   | 8817 ||| INVOKING Heroism.
  8823 | Lair:1   | Reached skill level 6 in Invocations
  8888 | Lair:1   | 8888 ||| Stepping ~*~*~tactically~*~*~ (stealth).
  8902 | Lair:1   | 8902 ||| INVOKING Heroism.
  8908 | Lair:1   | Received a gift from Okawaru
  8910 | Lair:1   | Noticed Gastronok
  8914 | Lair:1   | Reached skill level 11 in Axes
  8926 | Lair:1   | Received a gift from Okawaru
  8935 | Lair:1   | HP: 4/68 [Gastronok/the air (20)]
  8936 | Lair:1   | 8936 ||| DRINKING potion of heal wounds.
  8937 | Lair:1   | 8937 ||| INVOKING Heroism.
  8939 | Lair:1   | Demolished by Gastronok

Levels and vault maps discovered:
D:1:      dpeg_arrival_rooms_b, layout_basic, serial_forest,
          infiniplex_forest_end_3, infiniplex_forest_clump_curved,
          infiniplex_forest_end_2, infiniplex_forest_corner_2,
          infiniplex_forest_clump_cross, infiniplex_forest_pool,
          infiniplex_forest_zigzag_2
D:2:      layout_basic
D:3:      layout_loops_ring, minmay_misc_feat_iff,
          chequers_serial_rivers_large_a, uniq_natasha
D:4:      layout_loops_ring, minmay_temple_entry_fiery,
          gammafunk_ghost_mausoleum, hangedman_glass_teeth,
          kennysheep_generic_room_15
D:5:      layout_cave_pods, dreamdust_divine_triumvirate,
          nicolae_overflow_hidden_temple
D:6:      layout_loops_ring, ebering_ghost_sewer_d,
          nicolae_concentric_dashed_squares_wild
D:7:      layout_rooms, cheibriados_altar_1, hangedman_decor_lopped
D:8:      gammafunk_beogh_shrine, layout_cave_pools, serial_gnoll_camp,
          gnoll_camp_mini_hut, gnoll_camp_mini_loothouse, gnoll_camp_medium_02,
          gnoll_camp_mini_hut, gnoll_camp_mini_shop
D:9:      layout_roguey, david_lair_generic, nzn_ghost_randoct, uniq_maggie
Temple:   hellmonk_temple_of_storms
Lair:1:   layout_chaotic_city, basic_altar, pdpol_lair_cavern_descent,
          uniq_joseph, uniq_gastronok

Skill      XL: |  1  2  3  4  5  6  7  8  9 10 11 |
---------------+----------------------------------+-----
Axes           | 2 3 4 5 6 8 9 10 11 | 11.0
Dodging        | 2 |  2.4
Fighting       | 4 5 7 8 |  8.0
Throwing       | 1 2 3 |  3.0
Invocations    | 4 7 |  7.7
Armour         | 4 5 6 |  6.0
Shields        | 4 9 |  9.5

Action                     |  1- 3 |  4- 6 |  7- 9 | 10-12 || total
---------------------------+-------+-------+-------+-------++-------
  Melee: War axe           |    90 |   119 |   188 |   215 ||   612
  Throw: Boomerang         |       |     5 |    22 |    49 ||    76
         Javelin           |       |       |    31 |       ||    31
 Invoke: Heroism           |       |       |    11 |    12 ||    23
    Use: Scroll            |     4 |     6 |     7 |     2 ||    19
         Potion            |       |     4 |       |     3 ||     7
 Armour: Scale mail        |    21 |       |       |       ||    21
         Plate armour      |    28 |   100 |   104 |    65 ||   297
  Dodge: Dodged            |    25 |    47 |   116 |    68 ||   256
  Block: Buckler           |    11 |    30 |    72 |     5 ||   118
         Kite shield       |       |       |       |    97 ||    97

Table legend:
 A = Non-vault XP
 B = Vault XP
 C = Vault XP percentage of total XP
 D = Non-vault monster count
 E = Vault monster count
 F = Vault count percentage of total count
                 A         B        C        D         E       F
            +---------+---------+-------+---------+---------+-------
      Total |   13992 |    2565 |  15.5 |     178 |      29 |  14.0
            +---------+---------+-------+---------+---------+-------
        D:1 |      29 |       0 |   0.0 |      14 |       0 |   0.0
        D:2 |      27 |       0 |   0.0 |      10 |       0 |   0.0
        D:3 |     322 |      35 |   9.8 |      25 |       1 |   3.8
        D:4 |     103 |      40 |  28.0 |      13 |       1 |   7.1
        D:5 |     217 |       0 |   0.0 |      12 |       0 |   0.0
        D:6 |     703 |       0 |   0.0 |      21 |       0 |   0.0
        D:7 |    1812 |       0 |   0.0 |      20 |       0 |   0.0
        D:8 |    1306 |     558 |  29.9 |      16 |      21 |  56.8
        D:9 |    3238 |    1424 |  30.5 |      28 |       5 |  15.2
     Lair:1 |    6235 |     508 |   7.5 |      19 |       1 |   5.0
            +---------+---------+-------+---------+---------+-------
